AoeStats
← NicoH

MegaRandom

508110095Analyzed
2v2 RM · 12d ago on Sep 20, 2026· 57m 16s· 4 players
Game mode
Random Map
Map size
Medium (4 player)
Population
200
Speed
Normal
Resources
Standard
Victory
Conquest
Starting age
Dark Age
Ending age
Imperial Age
RankedLock teamsTeams togetherTeam positionsShared explorationLock speedFull tech treeHidden civsTurbo modeCheats
Victory
Defeat
🇨🇴 Italians · Colombia
601
+15
🇨🇴 Khmer · Colombia
593
+16
🇺🇸 Armenians · United States
628
-17
🇲🇽 Britons · Mexico
551
-14
Sergxz091044
0:32 Loom
14:49 Feudal Age
24:18 Castle Age
22:08 Town Watch
37:38 Double-Bit Axe
43:52 Imperial Age
42:09 Light Cavalry
Slyandres1603
0:46 Loom
13:48 Feudal Age
16:33 Wheelbarrow
15:48 Town Watch
15:58 Double-Bit Axe
15:59 Horse Collar
19:00 Stone Mining
24:05 Castle Age
30:18 Hand Cart
34:08 Forging
33:51 Fletching
34:01 Padded Archer Armor
33:27 Light Cavalry
35:47 Bloodlines
35:38 Husbandry
40:13 Imperial Age
39:25 Silk Road
39:57 Town Watch
40:28 Bow Saw
40:22 Heavy Plow
41:09 Elite Genoese Crossbowman
41:55 Gold Mining
49:18 Conscription
50:21 Stone Shaft Mining
50:49 Two-Man Saw
50:42 Bodkin Arrow
51:03 Leather Archer Armor
50:54 Scale Barding Armor
54:44 Chain Barding Armor
54:59 Iron Casting
54:26 Bracer
58:08 Blast Furnace
57:46 Plate Barding Armor
AnarchistOwl
0:47 Loom
15:42 Feudal Age
15:46 Man-at-Arms
17:17 Long Swordsman
17:43 Arson
17:52 Town Watch
20:00 Wheelbarrow
19:16 Double-Bit Axe
19:24 Gold Mining
20:48 Scale Mail Armor
24:44 Castle Age
26:03 Two-Handed Swordsman
27:27 Forging
28:56 Iron Casting
29:32 Gambesons
31:09 Bow Saw
30:45 Fishing Lines
32:50 Hand Cart
36:02 Gold Shaft Mining
37:15 Ballistics
37:01 Champion
38:41 Murder Holes
39:17 Masonry
40:21 Fletching
40:21 Horse Collar
41:25 Squires
42:54 Bodkin Arrow
43:16 Padded Archer Armor
43:33 Chain Mail Armor
45:10 Heavy Plow
45:54 Leather Archer Armor
46:31 Town Patrol
47:03 Pikeman
52:19 Imperial Age
49:46 Stone Mining
49:26 Halberdier
53:21 Conscription
55:26 Bracer
NicoH
2:00 Loom
10:40 Feudal Age
11:54 Horse Collar
15:11 Fletching
16:05 Wheelbarrow
16:47 Town Watch
17:10 Padded Archer Armor
18:51 Double-Bit Axe
29:35 Fishing Lines
32:59 Castle Age
30:52 Gold Mining
30:58 Stone Mining
31:39 Scale Mail Armor
33:05 Crossbowman
34:00 Bodkin Arrow
34:26 Hand Cart
34:15 Heavy Plow
35:10 Gold Shaft Mining
34:56 Bow Saw
Connection lost

Rejoining the realm…

Still unreachable

The connection could not be restored.

Session expired

The server has moved on; the page needs a fresh start.